 Dungeon Crawl Stone Soup version 0.29.1-13-g9f3cf754e1 (webtiles) character file.

Game seed: 15535195729556020285

70628 theswoord the Severer (level 14, 0/113 HPs)
             Began as a Demonspawn Fighter on Jan 29, 2023.
             Was a Believer of Yredelemnul.
             Slain by Donald
             ... wielding a +0 scimitar of flaming
              (30 damage)
             ... on level 2 of the Orcish Mines.
             The game lasted 00:47:35 (21739 turns).

theswoord the Severer (Demonspawn Fighter)         Turns: 21739, Time: 00:47:36

Health: 0/113      AC: 24    Str: 18    XL:     14   Next: 94%
Magic:  0/33       EV: 14    Int: 10    God:    Yredelemnul [**....]
Gold:   2715       SH:  7    Dex: 19    Spells: 13/13 levels left

rFire   . . .      SeeInvis .   a - +4 war axe (elec)
rCold   + + +      Faith    .   c - +1 buckler
rNeg    . . .      Spirit   +   b - +4 plate armour {rC+}
rPois   .          Reflect  .   W - +1 hat
rElec   .          Harm     .   q - scarf {repulsion}
rCorr   .          Rampage  .   (no gloves)
Will    ++...                   M - +0 pair of boots
Stlth   ..........              m - amulet of guardian spirit
HPRegen 5.28/turn               j - +4 ring of evasion
MPRegen 0.23/turn               h - ring "Hele Ido" {Fly rC++ Will+ MP+9 Dex+3}

@: mighty, lethally poisoned (0 -> -1), about to teleport, flying, repel
missiles
A: claws 1, slimy green scales 2, powered by death 1, powered by pain 1,
corrupting presence 2, word of chaos, beak, talons 1, noise suppression
a: Word of Chaos, Renounce Religion, Recall Undead Harvest, Dark Bargain


You were on level 2 of the Orcish Mines.
You worshipped Yredelemnul.
Yredelemnul was pleased with you.
You visited 4 branches of the dungeon, and saw 19 of its levels.
You also visited: Sewer.

You collected 2939 gold pieces.
You spent 224 gold pieces at shops.

Inventory:

Hand Weapons
 a - a +4 war axe of electrocution (weapon)
 f - a +1 broad axe of flaming
 o - the +6 hand axe of Wyrd {vorpal, Fly Dex+4 Stlth+}
   (You bought it in a shop on level 1 of the Dungeon)

   It inflicts extra damage upon your enemies.
   Dex:       It affects your dexterity (+4).
   Fly:       It grants you flight.
   Stlth:     It makes you more stealthy.
 A - a +0 battleaxe
Armour
 b - a +4 plate armour of cold resistance (worn)
 c - a +1 buckler (worn)
 d - a +0 hat
 q - a scarf of repulsion (worn)
 r - a +2 cloak
 C - +0 swamp dragon scales
 M - a +0 pair of boots (worn)
 W - a +1 hat (worn)
Jewellery
 h - the ring "Hele Ido" (right claw) {Fly rC++ Will+ MP+9 Dex+3}
   (You acquired it on level 3 of the Dungeon)

   [ring of magical power]

   Dex:       It affects your dexterity (+3).
   rC:        It greatly protects you from cold.
   MP:        It affects your magic capacity (+9).
   Fly:       It grants you flight.
   Will:      It increases your willpower.
 j - a +4 ring of evasion (left claw)
 k - a ring of willpower
 m - an amulet of guardian spirit (around neck)
 y - an amulet of reflection
 U - an amulet of regeneration
Wands
 G - a wand of digging (7)
 I - a wand of iceblast (13)
 R - a wand of mindburst (9)
 V - a wand of quicksilver (4)
 X - a wand of paralysis (13)
Scrolls
 g - 5 scrolls of enchant weapon
 n - 4 scrolls of enchant armour
 p - a scroll of magic mapping
 z - 3 scrolls of immolation
 B - 3 scrolls of poison
 H - 3 scrolls of fear
 K - a scroll of fog
Potions
 e - 6 potions of lignification
 i - 10 potions of curing
 t - 5 potions of brilliance
 v - 2 potions of attraction
 x - 3 potions of cancellation
 J - 3 potions of magic
 N - 4 potions of berserk rage
 O - a potion of haste


   Skills:
 + Level 11.3 Fighting
 + Level 15.0 Axes
 + Level 10.3 Armour
 + Level 9.9 Dodging
 - Level 4.0 Shields
 + Level 13.8 Invocations


You had 13 spell levels left.
You didn't know any spells.
Your spell library was empty.

Dungeon Overview and Level Annotations

Branches:
Dungeon (11/15)            Temple (1/1) D:5            Lair (5/5) D:11
 Shoals (0/4) Lair:3        Snake (0/4) Lair:2        Slime (0/5) Lair:4
    Orc (2/2) D:11            Elf (0/3) Orc:2         Sewer (visited)

Altars:
Ashenzari
Cheibriados
Dithmenos
Fedhas
Gozag
Hepliaklqana
Kikubaaqudgha
Makhleb
Nemelex Xobeh
Okawaru
Qazlal
Ru
Sif Muna
Trog
Uskayaw
Vehumet
Wu Jian
Xom
Yredelemnul
Jiyva
Lugonu

Shops:
D:1 (!:   Orc:2 =[

Portals:
Abyss: Lair:5

Annotations:
Orc:2 Donald, Nessos


Innate Abilities, Weirdness & Mutations

You have sharp fingernails.
You are mostly covered in slimy green scales. (AC +3)
You regenerate a little health from kills.
You sometimes gain a little power by taking damage.
Your presence sometimes corrodes or deforms those you injure.
You can speak a Word of Chaos.
You have a beak for a mouth.
You have sharp toenails.
You passively dampen the noise of your surroundings.


Message History

The deep troll looks frightened!
The ogre looks frightened!
The troll looks frightened!
The cyclops looks frightened!
Donald resists with almost no effort.
Nessos resists with some effort.
You feel extremely sick.
The ogre mage gives up.
The ogre mage gestures wildly while chanting.
The ogre mage flickers and vanishes!
Deactivating autopickup; reactivate with Ctrl-A.
The ogre yells at you, "GO AWAY!" You block Donald's attack.
The ogre begs, "Why can't we all just get along?"
Nessos shoots an arrow.
The arrow hits you but does no damage.
As you read the scroll of fog, it crumbles to dust.
The scroll dissolves into smoke.
You feel extremely sick.
Donald hits you with a +0 scimitar of flaming!
* * * LOW HITPOINT WARNING * * *
You focus on the pain.
You feel mightier all of a sudden. Donald burns you.
* * * LOW HITPOINT WARNING * * *
Nessos stands on their hind legs for a moment.
Nessos unwields a +3 longbow of flaming.
It stops flaming.
Nessos hits you but does no damage. Nessos kicks you but does no damage.
The troll screams, "Help!"
Donald closely misses you.
You feel much better.
You feel very sick.
Nessos misses you. x2; Donald barely misses you.
Nessos hits you but does no damage. You block Nessos's attack.
As you read the scroll of teleportation, it crumbles to dust.
You feel strangely unstable.
You feel very sick. Nessos hits you.
* * * LOW HITPOINT WARNING * * *
Nessos barely misses you.
Donald hits you with a +0 scimitar of flaming!!
You die...
Your body rises from the dead as a mindless zombie.

>...#......#.###
#O....#........##.## #
...................## ##
..... #.....Z.......###.
..O..##......##.Z...##..
.T....#...#.##.ZZ...#...
..{.)§.#§#...##ZZ.Z..#..
.....§§#Z§#.###.....##..
#O§@Z§.##...Z.......
...)O§@#c§#......)....))
O∩..O§§.§.....#........<
....C....§.T..........))
..O.T...#O###...........
.....O...## ##.#........
......... ####.......
..∩.... .#......
.........


You could see Donald (fast, strong, reflecting), Nessos (fast), a troll
(fleeing), 2 ogres and 2 friendly two-headed ogre zombies.

Vanquished Creatures
  Saint Roka (Orc:1)
  Fannar (Lair:1)
  3 boulder beetles
  Erolcha (D:11)
  9 two-headed ogres
  4 hydras
  2 thrashing horrors (Lair:5)
  Amaemon (Lair:1)
  2 lindwurms (Lair:1)
  A deep elf pyromancer (D:11)
  Pikel (D:7)
  A wolf spider (D:11)
  An orc sorcerer (Orc:2)
  4 ugly things
  2 elephants (Lair:2)
  A manticore (D:11)
  4 cyclopes
  5 black mambas
  A smoke demon (Lair:5)
  3 torpor snails
  Maggie (D:9)
  5 cane toads
  2 unseen horrors
  An orange demon (Lair:1)
  A kobold demonologist (D:10)
  5 komodo dragons
  An efreet (D:11)
  2 polar bears (Lair:5)
  A hornet (D:10)
  A meliai (D:11)
  10 trolls
  A tarantella (shapeshifter) (Lair:5)
  A snapping turtle (Lair:3)
  13 blink frogs
  A spriggan (Lair:5)
  A wraith (D:10)
  3 vampires
  5 wyverns
  A wyvern (shapeshifter) (D:11)
  2 basilisks
  3 steam dragons (D:7)
  42 yaks
  2 large abominations (Lair:5)
  2 chaos spawn (Lair:5)
  A vampire mosquito (D:10)
  2 nagas (Lair:2)
  6 wargs
  3 acid dragons
  A naga (shapeshifter) (Lair:5)
  9 water moccasins
  2 ice beasts
  2 black bears (D:7)
  11 orc warriors
  7 small abominations (Lair:5)
  6 ogres
  12 wolves
  6 centaurs
  A phantom (D:5)
  3 kobold brigands
  11 bullfrogs
  2 scorpions
  A gnoll sergeant (D:10)
  A necrophage (D:4)
  7 wights
  7 killer bees
  A vampire bat (Orc:1)
  4 electric eels
  4 howler monkeys
  A lava snake (Lair:2)
  4 gnoll boudas
  7 hounds
  13 orc priests
  5 jellies
  Jessica (D:3)
  An iguana (D:6)
  16 orc wizards
  A hound skeleton (D:3)
  Robin (D:2)
  15 gnolls
  9 river rats
  16 adders
  3 shadow imps
  A white imp (D:6)
  3 adder skeletons (D:3)
  5 worms
  5 dart slugs
  33 orcs
  19 ball pythons
  11 endoplasms
  2 giant cockroaches
  20 goblins
  3 hobgoblins
  4 quokkas
  A ball python skeleton (D:3)
  13 bats
  7 frilled lizards
  14 kobolds
  33 rats
532 creatures vanquished.

Vanquished Creatures (collateral kills)
  A boulder beetle (D:11)
  An ogre mage (D:11)
  3 hydras
  A tengu warrior (D:11)
  A two-headed ogre (D:11)
  A thrashing horror (Lair:5)
  Urug (Lair:1)
  An ugly thing (D:10)
  2 cyclopes (D:11)
  A smoke demon (Lair:5)
  A torpor snail (Lair:1)
  6 cane toads
  A rime drake (Lair:3)
  A yaktaur (D:11)
  An ancient zyme (Lair:5)
  2 trolls (Orc:2)
  2 polar bears
  11 blink frogs
  A basilisk (Lair:2)
  14 yaks
  A steam dragon (Lair:4)
  A vampire mosquito (D:11)
  A naga (Lair:2)
  5 water moccasins
  3 orc warriors
  5 wolves
  4 ogres (Orc:2)
  3 centaurs
  A bullfrog (Lair:3)
  A wight (D:7)
  2 killer bees
  A small abomination (Lair:5)
  2 electric eels (Lair:2)
  2 lava snakes (Lair:2)
  4 howler monkeys
  A jelly (D:7)
  2 orc wizards
  A gnoll (D:7)
  5 orcs
  A bat (Orc:1)
99 creatures vanquished.

Vanquished Creatures (others)
  An ogre mage (D:10)
  A two-headed ogre (Orc:2)
  A wolf spider zombie (D:11)
  A wizard (D:4)
  An unseen horror zombie (D:10)
  2 spectral cyclopes
  A meliai zombie (D:11)
  2 boulder beetle zombies
  2 black mamba zombies
  A tengu zombie (D:11)
  4 two-headed ogre zombies
  4 blink frog zombies (Lair:5)
  An elf zombie (D:11)
  A spectral chaos spawn (Lair:5)
  A wyvern zombie (D:11)
  A cyclops zombie (Orc:2)
  2 water moccasin zombies (Lair:5)
  3 troll zombies
  2 warg zombies (D:11)
  A polar bear zombie (Lair:5)
  11 yak zombies
  3 wolf zombies
  A basilisk zombie (D:11)
  3 bullfrog zombies
  3 centaur zombies
  An orc wizard (D:7)
  A scorpion zombie (Lair:3)
  A killer bee zombie (D:10)
  3 ogre zombies (Orc:2)
  An ice beast zombie (D:7)
  3 acid dragon zombies
  3 hound zombies (D:11)
  2 howler monkey zombies
  A steam dragon zombie (D:7)
  23 orc zombies
  2 orcs (D:7)
  A bat zombie (Orc:1)
  5 gnoll zombies
  27 fungi
  54 plants
182 creatures vanquished.

Grand Total: 813 creatures vanquished

Notes
Turn   | Place    | Note
-------+----------+-------------------------------------------
     0 | D:1      | theswoord the Demonspawn Fighter began the quest for the
                  | Orb.
     0 | D:1      | Reached XP level 1. HP: 18/18 MP: 1/1
    25 | D:1      | Reached skill level 2 in Axes
   259 | D:1      | Gained mutation: You sometimes gain a little power by
                  | taking damage. [demonic ancestry]
   259 | D:1      | Reached XP level 2. HP: 4/24 MP: 2/2
   520 | D:1      | Found Likloub's Antique Weapon Shop.
   583 | D:1      | Found Zumigunown's Distillery.
   587 | D:1      | Reached skill level 3 in Axes
   626 | D:1      | Found Nolaanegou's Book Boutique.
   760 | D:1      | Gained mutation: You are partially covered in slimy green
                  | scales. (AC +2) [demonic ancestry]
   760 | D:1      | Reached XP level 3. HP: 18/29 MP: 3/3
  1414 | D:2      | Noticed Robin
  1429 | D:2      | Killed Robin
  1430 | D:2      | Reached skill level 4 in Axes
  1430 | D:2      | Reached XP level 4. HP: 4/35 MP: 4/4
  2330 | D:3      | Identified a scroll of acquirement
  2330 | D:3      | Acquired the ring "Hele Ido" {Fly rC++ Will+ MP+9 Dex+3}
  2612 | D:3      | Noticed Jessica
  2623 | D:3      | Killed Jessica
  2624 | D:3      | Gained mutation: You have sharp fingernails. [demonic
                  | ancestry]
  2624 | D:3      | Reached XP level 5. HP: 28/41 MP: 5/5
  2628 | D:3      | Reached skill level 5 in Axes
  3594 | D:4      | Reached XP level 6. HP: 47/47 MP: 6/6
  3625 | D:4      | Reached skill level 6 in Axes
  3706 | D:4      | Found a bloodstained altar of Trog.
  3813 | D:4      | Found a glowing drain.
  3820 | Sewer    | Entered a sewer
  4279 | Sewer    | Reached skill level 7 in Axes
  4279 | Sewer    | Gained mutation: You regenerate a little health from kills.
                  | [demonic ancestry]
  4279 | Sewer    | Reached XP level 7. HP: 52/52 MP: 7/7
  4373 | D:4      | Noticed a wizard
  4376 | D:4      | Killed a wizard
  4741 | D:5      | Entered Level 5 of the Dungeon
  4753 | D:5      | Reached skill level 8 in Axes
  4909 | D:1      | Bought a twisted hand axe for 224 gold pieces
  4909 | D:1      | Identified the +6 hand axe of Wyrd {vorpal, Fly Dex+4
                  | Stlth+} (You bought it in a shop on level 1 of the Dungeon)
  4992 | D:5      | Found a sparkling altar of Nemelex Xobeh.
  5351 | D:5      | Found a staircase to the Ecumenical Temple.
  5395 | D:5      | Reached XP level 8. HP: 58/58 MP: 8/8
  5403 | D:5      | Reached skill level 9 in Axes
  5577 | Temple   | Entered the Ecumenical Temple
  5584 | Temple   | Became a worshipper of Yredelemnul the Dark
  5680 | D:6      | Reached * piety under Yredelemnul
  5691 | D:6      | You are sucked into a shaft and drop 1 floor!
  5698 | D:7      | Noticed Pikel
  5725 | D:7      | Gained mutation: You are frail. (-10% HP) [potion of
                  | mutation]
  5725 | D:7      | Gained mutation: You have a pair of small horns on your
                  | head. [potion of mutation]
  5927 | D:6      | Reached skill level 10 in Axes
  6066 | D:6      | Identified the +1 leather armour of the Marlin {rF+ Int+4}
  6536 | D:6      | Reached ** piety under Yredelemnul
  7073 | D:7      | Killed Pikel
  7074 | D:7      | Reached skill level 11 in Axes
  7074 | D:7      | Gained mutation: Your presence sometimes corrodes those you
                  | injure. [demonic ancestry]
  7074 | D:7      | Reached XP level 9. HP: 48/56 MP: 9/9
  7089 | D:7      | Reached *** piety under Yredelemnul
  7107 | D:7      | Reached skill level 12 in Axes
  7157 | D:7      | Reached **** piety under Yredelemnul
  7418 | D:7      | Reached skill level 13 in Axes
  7893 | D:7      | Gained mutation: Your presence sometimes corrodes or
                  | deforms those you injure. [demonic ancestry]
  7893 | D:7      | Reached XP level 10. HP: 26/63 MP: 10/10
  8339 | D:8      | Reached skill level 14 in Axes
  8399 | D:8      | Noticed a green ugly thing
  8409 | D:8      | Killed a red ugly thing
  8984 | D:9      | Found a shimmering altar of Xom.
  9406 | D:9      | Noticed Maggie
  9421 | D:9      | Killed Maggie
  9422 | D:9      | Reached skill level 1 in Invocations
  9520 | D:9      | Reached skill level 1 in Dodging
  9929 | D:10     | Entered Level 10 of the Dungeon
  9937 | D:10     | Identified the +6 quarterstaff of Turmoil {drain, Str+2}
 10102 | D:10     | Reached XP level 11. HP: 61/68 MP: 12/12
 10279 | D:10     | Noticed a two-headed ogre
 10286 | D:10     | Killed a two-headed ogre
 10319 | D:10     | Noticed a two-headed ogre
 10715 | D:10     | Noticed a boulder beetle
 10727 | D:10     | Noticed an ogre mage
 10732 | D:10     | Noticed a brown ugly thing
 10735 | D:10     | Killed a boulder beetle
 10739 | D:10     | Killed an ogre mage
 10998 | D:10     | Identified the +3 plate armour of Pessimism {Harm rF+ rC+}
 11007 | D:10     | Reached skill level 5 in Fighting
 11038 | D:10     | Reached skill level 5 in Invocations
 11695 | D:10     | Killed a two-headed ogre
 11696 | D:10     | Reached skill level 5 in Armour
 11800 | D:10     | Killed a red ugly thing
 11870 | D:11     | Noticed a two-headed ogre
 11896 | D:11     | Killed a two-headed ogre
 11897 | D:11     | Noticed a boulder beetle
 11939 | D:11     | Reached XP level 12. HP: 79/79 MP: 17/17
 11978 | D:11     | Killed a boulder beetle
 11979 | D:11     | Reached skill level 5 in Dodging
 11995 | D:11     | Found a staircase to the Lair.
 12149 | D:11     | Reached ***** piety under Yredelemnul
 12371 | D:11     | Noticed Erolcha
 12387 | D:11     | Killed Erolcha
 12584 | D:11     | Found a staircase to the Orcish Mines.
 12968 | D:11     | Noticed a two-headed ogre
 12981 | D:11     | Killed a two-headed ogre
 13070 | D:11     | Noticed a boulder beetle
 13077 | D:11     | Reached ****** piety under Yredelemnul
 13095 | D:11     | Killed a boulder beetle
 13158 | D:11     | Noticed a tengu warrior
 13180 | D:11     | Killed a tengu warrior
 13198 | D:11     | Noticed an ogre mage
 13202 | D:11     | Killed an ogre mage
 13377 | D:11     | Noticed a two-headed ogre
 13384 | D:11     | Killed a two-headed ogre
 13543 | D:11     | Identified the +1 mace of the Vendetta {drain, rPois Str+2}
 13592 | D:11     | Noticed a seven-headed hydra
 13596 | D:11     | Killed a seven-headed hydra
 13597 | D:11     | Gained mutation: You can speak a Word of Chaos. [demonic
                  | ancestry]
 13597 | D:11     | Reached XP level 13. HP: 55/88 MP: 20/20
 13973 | D:11     | Reached skill level 10 in Invocations
 14306 | Lair:1   | Entered Level 1 of the Lair of Beasts
 14306 | Lair:1   | Noticed Amaemon
 14317 | Lair:1   | Killed Amaemon
 14521 | Lair:1   | Noticed Fannar
 14537 | Lair:1   | Killed Fannar
 14715 | Lair:1   | Noticed Urug
 14732 | Lair:1   | Killed Urug
 15366 | Lair:2   | Found a staircase to the Snake Pit.
 16598 | Lair:3   | Found a staircase to the Shoals.
 16867 | Lair:3   | Identified the +7 spear "Undertaker" {drain, Stlth+}
 17143 | Lair:3   | Lost mutation: You have a pair of small horns on your head.
                  | [potion of mutation]
 17143 | Lair:3   | Lost mutation: You are frail. (-10% HP) [potion of
                  | mutation]
 17143 | Lair:3   | Gained mutation: You have sharp toenails. [potion of
                  | mutation]
 17143 | Lair:3   | Gained mutation: You have a beak for a mouth. [potion of
                  | mutation]
 17143 | Lair:3   | Gained mutation: You passively dampen the noise of your
                  | surroundings. [potion of mutation]
 17486 | Lair:4   | Found a viscous altar of Jiyva.
 17486 | Lair:4   | Found a staircase to the Slime Pits.
 17835 | Lair:4   | Reached skill level 10 in Fighting
 18459 | Lair:5   | Entered Level 5 of the Lair of Beasts
 18473 | Lair:5   | Gained mutation: You are mostly covered in slimy green
                  | scales. (AC +3) [demonic ancestry]
 18473 | Lair:5   | Reached XP level 14. HP: 102/110 MP: 23/23
 20037 | Lair:5   | Found a corrupted altar of Lugonu.
 20037 | Lair:5   | Found a one-way gate to the infinite horrors of the Abyss.
 20345 | Lair:5   | Reached skill level 10 in Armour
 20741 | Orc:1    | Entered Level 1 of the Orcish Mines
 21082 | Orc:2    | Entered Level 2 of the Orcish Mines
 21082 | Orc:2    | Noticed Saint Roka
 21118 | Orc:1    | Killed Saint Roka
 21703 | Orc:2    | Found a staircase to the Elven Halls.
 21705 | Orc:2    | Found Enutsioh's Jewellery Emporium.
 21707 | Orc:2    | Noticed Nessos
 21715 | Orc:2    | Found Eteeb's Armour Shoppe.
 21719 | Orc:2    | Noticed Donald
 21724 | Orc:2    | Reached skill level 15 in Axes
 21739 | Orc:2    | Slain by Donald

Skill      XL: |  1  2  3  4  5  6  7  8  9 10 11 12 13 14 |
---------------+-------------------------------------------+-----
Axes           | 2 3 4 5 7 8 11 13 14 15 | 15.0
Invocations    | 2 6 9 12 13 | 13.8
Armour         | 3 5 7 9 10 | 10.3
Shields        | 3 4 |  4.0
Dodging        | 1 4 6 8 9 |  9.9
Fighting       | 6 8 10 11 | 11.3

Action                   |  1- 3 |  4- 6 |  7- 9 | 10-12 | 13-15 || total
-------------------------+-------+-------+-------+-------+-------++-------
Melee: War axe           |    21 |       |       |       |   108 ||   129
       Broad axe         |    70 |   223 |    21 |     2 |   153 ||   469
       Hand axe          |       |       |   208 |   562 |   348 ||  1118
       Headbutt          |       |       |    25 |   145 |    71 ||   241
       Kick              |       |       |       |       |   110 ||   110
       Peck              |       |       |       |       |    86 ||    86
Invok: Recall Undead Har |       |       |     7 |    20 |    36 ||    63
       Drain Life        |       |       |       |     1 |     4 ||     5
       Bind Soul         |       |       |       |     1 |     3 ||     4
       Dark Bargain      |       |       |       |     1 |       ||     1
 Abil: Word of Chaos     |       |       |       |       |     4 ||     4
Evoke: Wand              |       |       |       |     3 |       ||     3
  Use: Scroll            |     3 |     6 |    10 |    11 |     5 ||    35
       Potion            |       |     1 |    10 |     4 |     7 ||    22
 Stab: Sleeping          |       |       |     1 |       |     2 ||     3
       Distracted        |       |       |     1 |     7 |    11 ||    19
       Invisible         |       |       |       |       |     7 ||     7
       Petrified         |       |       |       |       |     7 ||     7
Armor: Scale mail        |    47 |   134 |    88 |       |       ||   269
       Plate armour      |       |       |     1 |    78 |    33 ||   112
       Swamp dragon scal |       |       |       |    84 |   111 ||   195
Dodge: Dodged            |    33 |   115 |    94 |   274 |   450 ||   966
       Repelled          |       |       |       |     2 |     2 ||     4
Block: Buckler           |    15 |    60 |    82 |   120 |   189 ||   466

Levels and vault maps discovered:
D:1:      spicycebolla_arrival_ecumenical, layout_loops_corners, serial_shops,
          nicolae_shop_stone, shop, nicolae_shop_advertising_works
          [nicolae_subvault_shop_adworks]
D:2:      layout_basic, nicolae_elevator_lobby_plus, uniq_robin
D:3:      layout_rooms, serial_undead, serial_undead_b, serial_undead_f,
          serial_undead_f, serial_undead_f, serial_undead_c,
          nicolae_concentric_dashed_squares_wild, uniq_jessica
D:4:      layout_loops_ring, trog_wizard, tso_oasis_becter,
          lightli_sewer_entry_pipes
D:5:      layout_cave_pools, mainiacjoe_overflow_catwalk,
          lemuel_temple_firewalk_b
D:6:      layout_basic, kennysheep_generic_room_13
D:7:      layout_rooms, uniq_pikel
D:8:      layout_basic, serial_aquarium, aquarium_bridge_square
          [aquarium_subvault_bridge, aquarium_subvault_window,
          aquarium_subvault_window, aquarium_subvault_balcony],
          aquarium_window_1, aquarium_window_corridor_3, aquarium_window_1,
          aquarium_window_2, aquarium_view_2e, aquarium_view_2a, aquarium_pool_S
D:9:      layout_basic, amcnicky_altar_gilded, uniq_maggie
D:10:     minmay_imperfect_grid, layout_small_grid
D:11:     minmay_the_grid_square_5x5_4x4 [minmay_the_grid_square_5x5_z,
          minmay_the_grid_square_5x5_shuriken,
          minmay_the_grid_square_5x5_three_walls,
          minmay_the_grid_square_5x5_longway,
          minmay_the_grid_square_5x5_gyroscope,
          minmay_the_grid_square_5x5_prize_itemx,
          minmay_the_grid_square_5x5_prize_snowflake,
          minmay_the_grid_square_5x5_checkered_sparse,
          minmay_the_grid_square_5x5_intrusive_squares,
          minmay_the_grid_square_5x5_prize_waves,
          minmay_the_grid_square_5x5_prize_gold,
          minmay_the_grid_square_5x5_two_walls_b,
          minmay_the_grid_square_5x5_one_wall, minmay_the_grid_square_5x5_bite,
          minmay_the_grid_square_5x5_two_walls_a,
          minmay_the_grid_square_5x5_eight], layout_basic, erik_lair_island,
          minmay_orc_entry_guard_dogs, serial_co_window_serial,
          co_window_corner_a, co_window_of_opportunity_a, co_window_paths_a,
          co_window_of_opportunity_a, co_window_corner_a, co_window_corner_ca,
          co_window_unsneaky_path_b, co_window_of_opportunity_b,
          co_window_paths_d, glass_columns_c, glass_columns_b, glass_columns_c,
          uniq_erolcha
Temple:   nicolae_temple_no_exploring_needed
Lair:1:   layout_hall_layers, nicolae_lair_lindhole, uniq_fannar, uniq_urug,
          uniq_amaemon
Lair:2:   layout_misc_corridors, minmay_snake_entry_guardpost_small,
          cheibrodos_lair_caveside_slide, nicolae_lair_liquid_snakes,
          infiniplex_staircase_pool_2, serial_bayou_shore_b
Lair:3:   layout_cave_pods, minmay_shoals_entry_hut, serial_bayou_ford_a
Lair:4:   layout_cellular_growth, slime_entry_1,
          grunt_forest_small_clearing_treed
Lair:5:   hellmonk_lair_end_abyssal_woods, layout_regular_city
Orc:1:    layout_caves, roderic_batcave
Orc:2:    st_orc_open, layout_caves, basic_altar, mines2_david, uniq_saint_roka,
          uniq_donald, uniq_nessos
